 Dungeon Crawl Stone Soup version 0.24.0-1-gfbc8707 (webtiles) character file.

Game seed: 6957084253123834927, levelgen mode: deterministic

3220 Fang the Fighter (level 9, -1/90 HPs)
             Began as a Gargoyle Berserker on Oct 31, 2019.
             Was a High Priest of Trog.
             Slain by an orc warrior
             ... wielding a +0 halberd
              (3 damage)
             ... in a bailey.
             The game lasted 00:07:14 (9891 turns).

Fang the Fighter (Gargoyle Berserker)               Turns: 9891, Time: 00:07:14

Health: -1/90      AC: 19    Str: 29    XL:     9   Next: 97%
Magic:  9/9        EV:  9    Int:  8    God:    Trog [*****.]
Gold:   487        SH:  0    Dex:  9    Spells: 8/8 levels left

rFire    + . .     SeeInvis .   a - +0 war axe
rCold    . . .     Gourm    .   (no shield)
rNeg     + . .     Faith    .   b - +0 plate armour
rPois    ∞         Spirit   .   (no helmet)
rElec    +         Reflect  .   (no cloak)
rCorr    .         Harm     .   (no gloves)
MR       ++...                  (no boots)
Stlth    ..........             (no amulet)
HPRegen  1.25/turn              y - ring of protection from fire
MPRegen  0.11/turn              (no ring)

@: berserking, regenerating, very quick
A: negative energy resistance 1, electricity resistance, unbreathing,
petrification resistance, rot immunity, AC +6
a: Berserk, Trog's Hand, Brothers in Arms, Renounce Religion


You were in a bailey.
You worshipped Trog.
Trog was extremely pleased with you.
You were very hungry.

You visited 2 branches of the dungeon, and saw 10 of its levels.
You also visited: Bailey.

You collected 487 gold pieces.

Inventory:

Hand Weapons
 a - a +0 war axe (weapon)
Armour
 b - a +0 plate armour (worn)
Jewellery
 y - a ring of protection from fire (left hand)
Wands
 h - a wand of clouds (6)
 u - a wand of random effects (15)
 x - a wand of paralysis (3)
Scrolls
 e - 4 scrolls of identify
 i - a scroll of blinking {unknown}
 j - 3 scrolls of teleportation
 k - 3 scrolls of fog
 l - 2 scrolls of remove curse
 m - a scroll of magic mapping {unknown}
 n - 2 scrolls of fear {unknown}
 p - a scroll of enchant armour {unknown}
 t - a scroll of enchant weapon {unknown}
 v - a scroll of amnesia {unknown}
 B - a scroll of acquirement {unknown}
Potions
 d - 14 potions of curing
 f - 4 potions of might
 g - 2 potions of lignification {unknown}
 o - 2 potions of resistance
 q - 3 potions of heal wounds
 r - 3 potions of haste {unknown}
 s - 2 potions of agility
 w - 2 potions of invisibility
 z - a potion of degeneration {unknown}
 A - 2 potions of magic {unknown}
 C - a potion of brilliance {unknown}
 D - a potion of berserk rage {unknown}
Comestibles
 c - 12 rations


   Skills:
 * Level 9.3 Fighting
 * Level 7.8 Axes
 + Level 6.4 Armour
 + Level 4.7 Dodging


You had 8 spell levels left.
You didn't know any spells.
Your spell library was empty.

Dungeon Overview and Level Annotations

Branches:
Dungeon (9/15)             Temple (1/1) D:7          Bailey (1/1)
   Lair: D:8-11         Orc: D:9-12

Altars:
Ashenzari
Cheibriados
Hepliaklqana
Makhleb
Nemelex Xobeh
Okawaru
Trog
Uskayaw
Wu Jian
Zin


Innate Abilities, Weirdness & Mutations

You are resistant to torment.
Your stone body is resilient. (AC +6)
You are immune to poison.
You resist negative energy. (rN+)
You are resistant to electric shocks. (rElec)
You can survive without breathing.
You are immune to petrification.
You are immune to rotting.


Message History

You are too injured to fight recklessly!
You are too injured to fight recklessly!
You are too injured to fight recklessly!
You slice the orc!!
You kill the orc!
Trog accepts your kill.
You hit the orc warrior. You slice the orc!!
You feel the power of Trog in you as your rage grows.
You kill the orc!
Trog accepts your kill.
You slash the orc warrior!
The orc warrior hits you with a +0 halberd!!
* * * LOW HITPOINT WARNING * * *
You barely miss the orc. You slice the orc warrior!! You slash the orc warrior!
The orc knight hits you from afar with a +0 glaive!
* * * LOW HITPOINT WARNING * * *
The orc hits you but does no damage. The orc warrior completely misses you.
The orc closely misses you.
The orc warrior hits you with a +0 halberd.
You die...

####### #######
##.....#########.....##
+....o).#.....#....)))#
+...oo@.'.....'....)).#
+....o).'.....'....).)'
+....ooo'.....'....)).#
+.......#.....#.......#
##.....#########.....##
####### #######


You could see an orc knight, 3 orc warriors and 3 orcs.

Vanquished Creatures
  A gargoyle (D:9)
  A hornet (D:7)
  A spriggan (D:7)
  Menkaure (D:6)
  Edmund (D:6)
  2 orc warriors (Bailey)
  An ice beast (D:8)
  3 ogres
  2 centaurs
  A big kobold (D:7)
  A bullfrog (D:6)
  A wyvern zombie (D:8)
  4 scorpions
  3 crimson imps
  4 howler monkeys
  A quasit (D:8)
  2 bullfrog zombies
  A centaur zombie (D:7)
  3 hounds
  A gnoll shaman (D:4)
  A bullfrog skeleton (D:4)
  2 orc wizards
  An iguana (D:5)
  4 worker ants
  2 ogre zombies (D:6)
  2 hound zombies (D:6)
  17 gnolls
  A gnoll zombie (D:6)
  9 adders
  A shadow imp (D:6)
  An adder zombie (D:8)
  5 worms
  4 dart slugs
  3 leopard geckos
  41 orcs
  3 bats
  5 giant cockroaches
  8 goblins
  16 hobgoblins
  14 jackals
  3 quokkas
  5 frilled lizards
  A giant cockroach zombie (D:5)
  14 kobolds
  A leopard gecko zombie (D:8)
  A quokka skeleton (D:4)
  8 rats
208 creatures vanquished.

Notes
Turn   | Place    | Note
-------+----------+-------------------------------------------
     0 | D:1      | Fang the Gargoyle Berserker began the quest for the Orb.
     0 | D:1      | Reached XP level 1. HP: 14/14 MP: 1/1
   120 | D:1      | Reached XP level 2. HP: 19/19 MP: 2/2
   236 | D:1      | Reached XP level 3. HP: 16/24 MP: 3/3
   543 | D:2      | Reached ** piety under Trog
   821 | D:2      | Reached skill level 4 in Fighting
   821 | D:2      | Reached XP level 4. HP: 27/29 MP: 4/4
  1630 | D:3      | Reached XP level 5. HP: 17/34 MP: 5/5
  2147 | D:3      | Found an iron altar of Okawaru.
  2148 | D:3      | Reached *** piety under Trog
  2626 | D:4      | Reached skill level 5 in Fighting
  2626 | D:4      | Reached XP level 6. HP: 16/40 MP: 6/6
  3785 | D:5      | Entered Level 5 of the Dungeon
  3862 | D:5      | Reached XP level 7. HP: 38/44 MP: 7/7
  4360 | D:5      | Found a shattered altar of Ashenzari.
  4437 | D:5      | Reached skill level 6 in Fighting
  4837 | D:5      | Reached skill level 5 in Axes
  4921 | D:6      | Found a sparkling altar of Nemelex Xobeh.
  4994 | D:6      | Reached **** piety under Trog
  5193 | D:6      | Reached XP level 8. HP: 52/52 MP: 8/8
  5281 | D:6      | Noticed Menkaure
  5282 | D:6      | Found a transporter.
  5290 | D:6      | Killed Menkaure
  5766 | D:6      | Noticed Edmund
  5773 | D:6      | Reached skill level 7 in Fighting
  5786 | D:6      | Killed Edmund
  6043 | D:6      | Reached skill level 5 in Armour
  6453 | D:6      | Found a transporter.
  6917 | D:7      | Found a hide-covered altar of Uskayaw.
  7227 | D:7      | Noticed a hornet
  7240 | D:7      | Killed a hornet
  7240 | D:7      | Reached skill level 8 in Fighting
  7240 | D:7      | Reached XP level 9. HP: 34/59 MP: 9/9
  7397 | D:7      | Found a staircase to the Ecumenical Temple.
  7488 | Temple   | Entered the Ecumenical Temple
  7704 | D:7      | You fall into a shaft and drop 1 floor!
  8006 | D:8      | Found a snail-covered altar of Cheibriados.
  8007 | D:8      | Found a shattered altar of Ashenzari.
  8523 | D:8      | Found an ornate altar of the Wu Jian Council.
  8942 | D:7      | Found a bloodstained altar of Trog.
  9212 | D:7      | Found a burning altar of Makhleb.
  9212 | D:7      | Found a hazy altar of Hepliaklqana.
  9312 | D:9      | Found a flagged portal.
  9317 | D:9      | Noticed a gargoyle
  9336 | D:9      | Killed a gargoyle
  9336 | D:9      | Reached skill level 9 in Fighting
  9414 | Bailey   | Entered a bailey
  9648 | Bailey   | Reached ***** piety under Trog
  9882 | Bailey   | Noticed an orc knight
  9891 | Bailey   | HP: 2/90 [orc knight/+0 glaive (12)]
  9891 | Bailey   | Slain by an orc warrior

Levels and vault maps discovered:
D:1:      scummos_arrival_hexagon, layout_rooms, chequers_serial_rivers_room_b
D:2:      layout_basic, minmay_quadrilaterals
D:3:      layout_basic, okawaru_altar_gauntlet_db
D:4:      layout_basic, minmay_parallelograms, minmay_goblin_kobold_house
D:5:      layout_gridville, basic_altar, first_ration, serial_bayou_lake_a
D:6:      gammafunk_cloud_chamber, layout_loops_corners,
          nemelex_xobeh_ov_fountains_minmay, uniq_edmund, uniq_menkaure
D:7:      layout_layer_cave, marbit_many_paths, eat_drink_and_be_merry_uskayaw,
          gammafunk_temple_overflow_wave, temple_fountains, the_bakery,
          minmay_misc_feat_encased
D:8:      layout_gridville, lemuel_round_altar, gammafunk_temple_overflow_statue
D:9:      layout_loops_cross, david_orc_2, enter_bailey_6
Temple:   dshaligram_water_room_temple
Bailey:   bailey_polearm_5, bailey

Skill      XL: |  1  2  3  4  5  6  7  8  9 |
---------------+----------------------------+-----
Axes           | 3 4 5 6 7 |  7.8
Dodging        | 2 3 4 |  4.7
Fighting       | 4 5 6 8 9 |  9.3
Armour         | 3 4 5 6 |  6.4

Action                   |  1- 3 |  4- 6 |  7- 9 || total
-------------------------+-------+-------+-------++-------
Melee: Hand axe          |   113 |   228 |   477 ||   818
       War axe           |       |       |    38 ||    38
Invok: Berserk           |       |     6 |    11 ||    17
       Trog's Hand       |       |       |     1 ||     1
  Use: Scroll            |       |       |     6 ||     6
 Stab: Sleeping          |       |     1 |       ||     1
  Eat: Chunk             |       |    16 |    19 ||    35
       Ration            |       |       |     3 ||     3
Armor: Animal skin       |    41 |    76 |   126 ||   243
       Plate armour      |       |       |   207 ||   207
Dodge: Dodged            |    69 |   153 |   412 ||   634
